 Dungeon Crawl Stone Soup version 0.22.1-1-ga44c0e56f4 (webtiles) character file.

28 Gargoyl the Skirmisher (level 3, -2/31 HPs)
             Began as a Centaur Abyssal Knight on Nov 3, 2018.
             Was a Follower of Lugonu.
             Slain by a worm (10 damage)
             ... on level 2 of the Dungeon.
             The game lasted 00:01:45 (1363 turns).

Gargoyl the Skirmisher (Centaur Abyssal Knight)     Turns: 1363, Time: 00:01:45

Health: -2/31      AC:  5    Str: 14    XL:     3   Next: 0%
Magic:  4/4        EV:  7    Int: 11    God:    Lugonu [*.....]
Gold:   73         SH:  2    Dex:  9    Spells: 2/2 levels left

rFire    . . .     SeeInvis .   a - +1 hand axe
rCold    . . .     Gourm    .   d - +0 buckler
rNeg     . . .     Faith    .   j - +0 ring mail
rPois    .         Spirit   .   (no helmet)
rElec    .         Reflect  .   (no cloak)
rCorr    .         Harm     .   (no gloves)
MR       .....                  (no barding)
Stlth    ..........             (no amulet)
HPRegen  0.10/turn              (no ring)
MPRegen  0.09/turn              (no ring)

@: lethally poisoned (-2 -> -9), very quick
A: large, hooves 3, deformed body, speed 2, tough skin 3
a: Depart the Abyss, Renounce Religion


You were on level 2 of the Dungeon.
You worshipped Lugonu.
Lugonu was aware of your devotion.
You were not hungry.

You visited 1 branch of the dungeon, and saw 2 of its levels.
You visited the Abyss 1 time.

You collected 73 gold pieces.

Inventory:

Hand Weapons
 a - a +1 hand axe (weapon)
Armour
 d - a +0 buckler (worn)
 j - a +0 ring mail (worn)
Scrolls
 b - a scroll of immolation {unknown}
 f - a scroll of amnesia {unknown}
 g - 2 scrolls of teleportation {unknown}
 i - 3 scrolls of identify
Potions
 e - 2 potions of heal wounds {unknown}
 h - a potion of invisibility {unknown}
 l - a potion of cancellation {unknown}
Comestibles
 c - 3 rations
 k - 3 chunks of flesh


   Skills:
 + Level 3.4 Fighting
 + Level 1.8 Axes
 * Level 2.0 Armour
 + Level 0.7 Dodging
 * Level 2.2 Invocations


You had 2 spell levels left.
You didn't know any spells.
Your spell library contained the following spells:

 Spells                   Type           Power        Failure   Level  Hunger
 Beastly Appendage        Tmut           #.....       77%         1    ##.....
 Sticks to Snakes         Tmut           #.......     88%         2    ###....
 Spider Form              Tmut/Pois      #.........   98%         3    ####...
 Ice Form                 Ice/Tmut       #.......     100%        4    #####..
 Blade Hands              Tmut           #.........   100%        5    ######.


Dungeon Overview and Level Annotations

Branches:
Dungeon (2/15)

Altars:


Innate Abilities, Weirdness & Mutations

You have hooves in place of feet.
Armour fits poorly on your strangely shaped body.
You cover ground very quickly.
You have extremely tough skin. (AC +3)


Message History

You hit the worm.
You feel sick. The adder bites you. The adder barely misses you.
Unknown command.
You miss the adder.
The adder is moderately wounded.
You hit the worm.
You feel sick. The adder bites you.
You are more poisoned.
The adder poisons you! The worm bites you.
The adder bites you but does no damage.
Unknown command.
You miss the adder. Your kick misses the adder.
The adder is moderately wounded.
You hit the worm but do no damage.
You feel sick. The adder bites you.
* * * LOW HITPOINT WARNING * * *
The worm bites you but does no damage.
You closely miss the adder. You kick the adder.
The adder is heavily wounded.
You barely miss the worm.
The adder bites you but does no damage. x2
The worm bites you!
You die...

.# #### ###.. ###...
....# ..#.# ....#
#...# #.$.?# ###...##
### ##.....# ....#..#
#.. ##w.....# .†)..#.#
#.# #@S# ##.....###
#.###.#..#
#...#...###.#...#..#
##.#.##......#.####...
#..#.###.......# ##.#
..##.######....# ...
.###..<# #.......# ###
.#####.####.##.##...
............##.# ##


You could see a worm and an adder.

Vanquished Creatures
  A worm (D:2)
  2 leopard geckos
  3 giant cockroaches
  2 goblins
  2 hobgoblins (D:2)
  6 bats
  2 frilled lizards (D:2)
  2 kobolds
  2 rats (D:2)
22 creatures vanquished.

Notes
Turn   | Place    | Note
-------+----------+-------------------------------------------
     0 | Abyss:1  | Gargoyl the Centaur Abyssal Knight began the quest for the
                  | Orb.
     0 | Abyss:1  | Reached XP level 1. HP: 19/19 MP: 2/2
    22 | Abyss:1  | Noticed a small abomination
    28 | Abyss:1  | Noticed a small abomination
    42 | Abyss:1  | Noticed a raiju
    48 | D:1      | Escaped the Abyss
   269 | D:1      | Reached * piety under Lugonu
   275 | D:1      | Reached XP level 2. HP: 23/26 MP: 3/3
  1336 | D:2      | Reached XP level 3. HP: 31/31 MP: 4/4
  1363 | D:2      | Slain by a worm

Skill      XL: |  1  2 |
---------------+-------+-----
Armour         | 2 |  2.0
Fighting       | |  3.4
Axes           | |  1.8
Dodging        | |  0.7
Invocations    | |  2.2

Action                   || total
-------------------------++-------
Melee: Hand axe          ||    68
       Kick              ||     9
Invok: Depart the Abyss  ||     1
  Use: Scroll            ||     1
Armor: Leather armour    ||    22
       Ring mail         ||    31
Dodge: Dodged            ||    48
Block: Buckler           ||    10
